Map: Jagannatha LE

Players

PartinG - Winner!

  • Race: Protoss Protoss
  • League: Grandmaster
  • Spawn Location: 1:00

Rogue

  • Race: Zerg Zerg
  • Spawn Location: 7:00

VOD

Have the link to the VOD?

Description

Time

  • Played on: Jan. 13, 2021, 11:21 a.m.
  • Length: 4:10
Show
View Real Time Build Order
Export as new Build Order

PartinG Protoss - Winner!

Build Orders: Cannon Rush 

Get SALT Encoding   

  12  0:00  Probe  
  13  0:12  Probe  
  14  0:17  Pylon  
  14  0:24  Probe  
  15  0:35  Forge  
  15  0:54  Probe  
  16  1:00  Pylon  
  16  1:01  Pylon  
  16  1:02  Pylon  
  16  1:20  Photon Cannon  
  16  1:21  Gateway  
  16  1:25  Pylon  
  16  1:28  Pylon  
  16  1:32  Assimilator  
  16  1:34  Probe  
  17  1:46  Photon Cannon  
  17  1:53  Probe  
  18  1:59  Photon Cannon  
  18  2:05  Probe  
  19  2:13  Cybernetics Core  
  19  2:21  Zealot  
  21  2:28  Probe  
  22  2:35  Photon Cannon  
  22  2:48  Stalker (Chrono Boost)  
  24  2:55  Shield Battery  
  24  3:04  Shield Battery  
  24  3:09  Stalker (Chrono Boost)  
  26  3:13  Shield Battery  
  24  3:25  Shield Battery  
  24  3:32  Shield Battery  
  24  3:33  Stalker (Chrono Boost)  
  26  4:00  Shield Battery  
  26  4:01  Shield Battery  
Show
View Real Time Build Order
Export as new Build Order

Rogue Zerg 

Build Orders: Hatch First 

Get SALT Encoding   

  12  0:00  Drone  
  13  0:12  Overlord  
  13  0:16  Drone  
  14  0:30  Drone x2  
  16  0:47  Hatchery  
  15  0:52  Drone  
  15  0:55  Drone  
  17  0:59  Drone  
  18  1:07  Extractor  
  17  1:16  Spawning Pool  
  17  1:17  Drone  
  17  1:23  Drone  
  18  1:27  Extractor  
  18  1:32  Drone  
  18  1:40  Drone  
  19  1:55  Drone  
  20  2:04  Zergling x2  
  20  2:05  Roach Warren  
  20  2:09  Queen  
  20  2:15  Overlord  
  22  2:27  Overlord  
  22  2:44  Roach x3  
  28  2:59  Roach  
  28  3:05  Ravager x3  
  31  3:06  Roach  
  31  3:07  Roach  
  31  3:12  Roach  
  36  3:23  Overlord  
  36  3:25  Zergling x2  
  37  3:45  Zergling x4  
  31  3:49  Ravager  
  31  3:51  Roach  
Tags
 
Add a new tag
Caveats
  • Supply blocks, unpowered buildings, or Contaminate may cause inaccurate times.
  • Supply counts are checked every 10 seconds.